 Dungeon Crawl Stone Soup version 0.29.1-13-g9f3cf754e1 (webtiles) character file.

Game seed: 15227244735355520446

135 Heoruswealwe the Grave Robber (level 4, -2/16 (24) HPs)
             Began as a Deep Elf Necromancer on Feb 7, 2023.
             Killed by an exploding necrophage (14 damage)
             ... ignited by their inner flame
             ... on level 4 of the Dungeon.
             The game lasted 01:24:11 (11808 turns).

Heoruswealwe the Grave Robber (DENe)               Turns: 11808, Time: 01:24:12

HP:   -2/16 (24)    AC:  2    Str:  5    XL:     4   Next: 97%
MP:   13/13         EV: 12    Int: 22    God:
Gold: 150           SH:  0    Dex: 15    Spells: 9/13 levels left

rFire   + . .      SeeInvis .   g - staff of death
rCold   . . .      Faith    .   (no shield)
rNeg    + . .      Spirit   .   a - +0 robe
rPois   .          Reflect  .   (no helmet)
rElec   .          Harm     .   (no cloak)
rCorr   .          Rampage  .   (no gloves)
Will    .....                   (no boots)
Stlth   ++........              (no amulet)
HPRegen 0.05/turn               e - ring of protection from fire
MPRegen 0.13/turn               (no ring)

@: very heavily drained
A: no striking features
a: no special abilities


You were on level 4 of the Dungeon.
You visited 1 branch of the dungeon, and saw 5 of its levels.

You collected 150 gold pieces.

Inventory:

Hand Weapons
 m - a +0 short sword
 r - a +0 club
 t - a +0 dagger
 u - a +0 dagger
 z - a +2 short sword of holy wrath
 U - a +0 war axe
Missiles
 h - 12 stones
Armour
 a - a +0 robe (worn)
 n - a +0 leather armour
 v - a +0 robe
 x - a +0 robe
Magical Staves
 g - a staff of death (weapon)
 s - a staff of cold
Jewellery
 e - a ring of protection from fire (left hand)
 A - an amulet of faith
Wands
 j - a wand of light (12)
Scrolls
 d - 3 scrolls of enchant weapon
 k - a scroll of torment
 o - a scroll of vulnerability {unknown}
 p - a scroll of brand weapon {unknown}
 w - a scroll of blinking
 y - a scroll of immolation
 K - a scroll of silence
 P - a scroll of noise
Potions
 b - 2 potions of magic
 c - a potion of curing
 f - a potion of flight {unknown}
 i - a potion of brilliance {unknown}
 l - 2 potions of degeneration {unknown}
 q - 2 potions of lignification {unknown}
 L - a potion of ambrosia {unknown}
 X - a potion of heal wounds {unknown}


   Skills:
 + Level 0.1 Fighting
 + Level 2.4 Dodging
 + Level 3.7 Stealth
 + Level 5.0 Spellcasting
 + Level 6.0 Necromancy


You had 9 spell levels left.
You knew the following spells:

 Your Spells              Type           Power      Damage    Failure   Level
a - Necrotise             Necr           100%       1d9       1%          1
b - Vampiric Draining     Necr           48%        2d9       2%          3

Your spell library contained the following spells:

 Spells                   Type           Power      Damage    Failure   Level
 Animate Dead             Necr           48%        N/A       9%          4
 Agony                    Necr           48%        N/A       24%         5
 Call Canine Familiar     Summ           5%         N/A       30%         3
 Portal Projectile        Hex/Tloc       10%        N/A       30%         3
 Tukima's Dance           Hex            5%         N/A       30%         3
 Leda's Liquefaction      Hex/Erth       2%         N/A       69%         4
 Passage of Golubria      Tloc           5%         N/A       69%         4
 Yara's Violent Unravell  Hex/Tmut       2%         3d3       95%         5
 Borgnjor's Revivificati  Necr           24%        N/A       100%        8
 Necromutation            Tmut/Necr      14%        N/A       100%        8
 Death's Door             Necr           24%        N/A       100%        9


Dungeon Overview and Level Annotations

Branches:
Dungeon (5/15)
 Temple: D:4-7

Altars:
Hepliaklqana
Xom

Shops:
D:4 =


Message History

* * * LOW HITPOINT WARNING * * *
The necrophage attacks as you move away!
The necrophage closely misses you.
The necrophage attacks as you move away!
The necrophage closely misses you.
It was a potion of curing.
You feel better.
The necrophage hits you but does no damage.
You feel better. The necrophage hits you.
The necrophage attacks as you move away!
The necrophage hits you. You partially resist.
You feel drained.
You barely miss the necrophage. The necrophage hits you.
You barely miss the necrophage. The necrophage hits you.
You feel better. The necrophage hits you.
The necrophage attacks as you move away!
The necrophage hits you.
You feel better. The necrophage closely misses you.
Found a scroll of blinking.
Really read the scroll of immolation?
Uppercase [Y]es or [N]o only, please.
Really read the scroll of immolation?
As you read the scroll of immolation, it crumbles to dust.
The creatures around you are filled with an inner flame!
The necrophage hits you.
You hit the necrophage.
Flame seeps out of the necrophage.
The necrophage is lightly damaged.
The necrophage is engulfed in blazing flames.
Flame seeps out of the necrophage.
The necrophage hits you. You partially resist.
You feel drained.
You closely miss the necrophage.
The necrophage is moderately damaged.
The necrophage is engulfed in blazing flames.
Flame seeps out of the necrophage.
The necrophage hits you!
* * * LOW HITPOINT WARNING * * *
You partially resist.
You feel drained.
You feel better.
The necrophage is engulfed in blazing flames.
The necrophage explodes!
The fiery explosion engulfs you! You resist.
Ouch! That really hurt!
You die...

.........###.#...###.. #.. #...
...#....##...#...#.. . #. .#...
...#.#...#....###... ##... #....
.....#.......#.....#.?. . ..#...
.............#...###.. ### . #..#
.............#..#...# ... .#..#
.#.##...##....###...# ..###....
..##....#.....§§#...#.# ..#.....#
#.#......#....§°@## ...###.......
..............§§§...# #..........
......##............# #.........#
..##..#.............#.#..........
.<#..............###...#.........
#...#..##.#÷......#...#..........
###....####..##......#........###
##...#.##.......## #.#......### #
#................# #..#.....##


There were no monsters in sight!

Vanquished Creatures
  A necrophage (D:4)
  2 hounds (D:4)
  2 orc wizards (D:4)
  Robin (D:2)
  3 gnolls (D:3)
  3 adders
  2 worms
  A dart slug (D:3)
  2 orcs (D:4)
  5 endoplasms
  A giant cockroach (D:2)
  5 goblins
  12 hobgoblins
  6 jackals
  5 kobolds
  3 quokkas
  5 ball pythons
  6 bats
  2 frilled lizards
  7 rats
  18 bushes (D:1)
92 creatures vanquished.

Vanquished Creatures (collateral kills)
  2 dart slugs
  An endoplasm (D:2)
  A hobgoblin (D:4)
  A kobold (D:4)
  A ball python (D:1)
  A frilled lizard (D:1)
7 creatures vanquished.

Vanquished Creatures (others)
  83 plants (D:1)
83 creatures vanquished.

Grand Total: 182 creatures vanquished

Notes
Turn   | Place    | Note
-------+----------+-------------------------------------------
     0 | D:1      | Heoruswealwe the Deep Elf Necromancer began the quest for
                  | the Orb.
     0 | D:1      | Reached XP level 1. HP: 10/10 MP: 6/6
    35 | D:1      | Reached skill level 5 in Necromancy
   265 | D:1      | Reached XP level 2. HP: 15/15 MP: 8/8
  9510 | D:2      | Reached XP level 3. HP: 19/19 MP: 8/10
  9737 | D:2      | Noticed Robin
  9755 | D:2      | Killed Robin
  9923 | D:2      | Found a faded altar of an unknown god.
  9961 | D:2      | Reached XP level 4. HP: 21/24 MP: 1/12
  9970 | D:2      | Prayed at the altar of an unknown god.
  9970 | D:2      | Became a worshipper of Hepliaklqana the Forgotten
  9970 | D:2      | Reached * piety under Hepliaklqana
  9971 | D:2      | Fell from the grace of Hepliaklqana
  9995 | D:2      | Found a shimmering altar of Xom.
 10013 | D:2      | Identified a scroll of acquirement
 10133 | D:2      | Acquired a Necronomicon
 10141 | D:2      | Learned a level 3 spell: Vampiric Draining
 10513 | D:4      | Found Coemiafa's Jewellery Shoppe.
 11235 | D:3      | Acquired a staff of death
 11372 | D:5      | Entered Level 5 of the Dungeon
 11431 | D:4      | Was forgiven by Hepliaklqana
 11597 | D:4      | Reached skill level 5 in Spellcasting
 11597 | D:4      | Reached skill level 6 in Necromancy
 11634 | D:4      | Noticed a necrophage
 11808 | D:4      | Killed a necrophage
 11808 | D:4      | Killed by an exploding necrophage... ignited by their inner
                  | flame

Illustrated notes

Levels and vault maps discovered:
D:1:      co_arrival_random_square_maze, layout_basic, kennysheep_boxes
D:2:      layout_rooms, basic_altar, ebering_ecumenical_altar_sacrificial,
          due_unseen_surprise, uniq_robin
D:3:      layout_loops_cross, minivault_25
D:4:      layout_cave_pools, serial_shops, nicolae_diamond_shop, nicolae_titane
D:5:      layout_basic, minmay_temple_entry_from_below_a

Skill      XL: |  1  2  3  4 |
---------------+-------------+-----
Necromancy     | 5 6 |  6.0
Stealth        | 3 |  3.7
Spellcasting   | 4 5 |  5.0
Fighting       | |  0.1
Dodging        | |  2.4

Action                   |  1- 3 |  4- 6 || total
-------------------------+-------+-------++-------
Melee: Unarmed           |     1 |       ||     1
       Staff             |  6924 |    11 ||  6935
       Hand axe          |   978 |       ||   978
       Punch             |   162 |       ||   162
 Cast: Necrotise         |    79 |    66 ||   145
       Vampiric Draining |       |     7 ||     7
Invok: Ancestor Identity |       |     1 ||     1
       Renounce Religion |       |     1 ||     1
  Use: Scroll            |     4 |     6 ||    10
       Potion            |     1 |     5 ||     6
Armor: Robe              |     3 |     2 ||     5
Dodge: Dodged            |     5 |    12 ||    17
